 Dungeon Crawl Stone Soup version 0.21.1-1-g345015f (webtiles) character file.

1004 Fang the Chopper (level 8, 0/49 HPs)
             Began as a Gargoyle Berserker on May 11, 2018.
             Was a Priest of Trog.
             Slain by an orc warrior
             ... wielding a +1 short sword of freezing
              (5 damage)
             ... on level 6 of the Dungeon.
             The game lasted 00:09:15 (4571 turns).

Fang the Chopper (Gargoyle Berserker)               Turns: 4571, Time: 00:09:15

Health: 0/49       AC:  9    Str: 22    XL:     8   Next: 20%
Magic:  8/8        EV: 13    Int: 13    God:    Trog [***...]
Gold:   228        SH:  0    Dex:  9    Spells: 7/7 levels left

rFire    . . .     SeeInvis .   i - +4 trident of Asocs {freeze, Int+4}
rCold    . . .     Gourm    .   (no shield)
rNeg     + + .     Faith    .   b - +2 animal skin
rPois    ∞         Spirit   .   (no helmet)
rElec    +         Reflect  .   (no cloak)
rCorr    .         Harm     .   (no gloves)
MR       .....                  (no boots)
Stlth    ++........             (no amulet)
HPRegen  0.16/turn              k - ring of positive energy
MPRegen  0.11/turn              (no ring)

@: about to teleport, slowed, very slow
A: negative energy resistance 1, sense surroundings 1, electricity resistance,
unbreathing, petrification resistance, rot immunity, AC +5
a: Berserk, Trog's Hand, Burn Spellbooks, Renounce Religion


You were on level 6 of the Dungeon.
You worshipped Trog.
Trog was most pleased with you.
You were not hungry.

You visited 1 branch of the dungeon, and saw 6 of its levels.

You collected 228 gold pieces.

Inventory:

Hand Weapons
 a - a +4 hand axe
 i - the +4 trident of Asocs (weapon) {freeze, Int+4}
   (You found it on level 4 of the Dungeon)

   It has been specially enchanted to freeze those struck by it, causing extra
   injury to most foes and up to half again as much damage against particularly
   susceptible opponents.
   It can also slow down cold-blooded creatures.
   It affects your intelligence (+4).
Armour
 b - a +2 animal skin (worn)
Jewellery
 k - a ring of positive energy (left hand)
Scrolls
 e - a scroll of blinking {unknown}
 g - 2 scrolls of remove curse
 m - a scroll of magic mapping
 p - 2 scrolls of identify
 q - a scroll of enchant armour
Potions
 h - 2 potions of agility
 j - a potion of mutation
 l - a potion of flight
 n - 4 potions of brilliance {unknown}
 o - a potion of resistance {unknown}
Comestibles
 c - 2 rations


   Skills:
 + Level 5.1 Fighting
 + Level 6.1(6.3) Axes
 + Level 2.3(4.5) Polearms
 + Level 2.3 Armour
 + Level 3.6 Dodging
 + Level 3.5 Stealth


You had 7 spell levels left.
You didn't know any spells.

Dungeon Overview and Level Annotations

Branches:
Dungeon (6/15)             Temple (0/1) D:5

Altars:
Fedhas
Kikubaaqudgha
Okawaru
Ru
Sif Muna
Wu Jian
Xom
Zin


Innate Abilities, Weirdness & Mutations

You are resistant to torment.
Your stone body is resilient. (AC +5)
You are immune to poison.
You resist negative energy. (rN+)
You are resistant to electric shocks. (rElec)
You can survive without breathing.
You are immune to petrification.
You are immune to rotting.
You passively map a small area around you.


Message History

You barely miss the adder.
The orc warrior hits you with a short sword of freezing!
* * * LOW HITPOINT WARNING * * *
The orc warrior freezes you.
* * * LOW HITPOINT WARNING * * *
The adder misses you. The orc closely misses you. The orc barely misses you.
The orc warrior barely misses you. The adder bites you but does no damage.
You eat one of the 3 rations.
That ration really hit the spot!
The orc hits you but does no damage. The orc barely misses you.
The orc warrior hits you but does no damage.
The adder bites you.
* * * LOW HITPOINT WARNING * * *
The orc hits you with a club.
* * * LOW HITPOINT WARNING * * *
As you read the scroll of teleportation, it crumbles to dust.
You feel strangely unstable. The adder bites you but does no damage.
The orc warrior misses you. The adder barely misses you.
The orc closely misses you. The orc barely misses you.
The orc warrior hits you with a short sword of freezing.
You die...

,#.# * ....,...* #.# *
#####..##.# ... ,
,,.........! * * ##.#
** #.....#.#* .#.. ,,
+.....#.# ,
.#.########.....#.####.
.#.....................
.#..#.....#####...####
* ....#.....# #.o@o.#
.####........+.oS..# *
########.#####.....#
........... .......#
.#######.#.........# *
..<# #.#.........# .###
** #.######'## .# , #.
..* .# , ,


You could see an orc warrior, an adder and 2 orcs.

Vanquished Creatures
  The ghost of skjohnston the Shield-Bearer, an amateur MiFi (D:4)
  A sky beast (D:5)
  A scorpion (D:4)
  A howler monkey (D:4)
  A crimson imp (D:6)
  A centaur zombie (D:5)
  A quasit (D:5)
  A bullfrog skeleton (D:4)
  3 orc priests
  Jessica (D:3)
  4 worker ants
  5 orc wizards
  A hound zombie (D:5)
  4 adders
  2 oozes
  An adder skeleton (D:5)
  3 worms
  2 leopard geckos (D:3)
  14 orcs
  3 ball pythons
  6 bats
  2 giant cockroaches
  3 goblins (D:1)
  3 hobgoblins (D:1)
  7 jackals
  4 kobolds
  A quokka (D:3)
  6 frilled lizards
  4 rats
87 creatures vanquished.

Notes
Turn   | Place    | Note
-------+----------+-------------------------------------------
     0 | D:1      | Fang the Gargoyle Berserker began the quest for the Orb.
     0 | D:1      | Reached XP level 1. HP: 14/14 MP: 1/1
   368 | D:1      | Reached XP level 2. HP: 19/19 MP: 2/2
   593 | D:1      | Found a sparkling altar of Nemelex Xobeh.
   595 | D:1      | Found a shimmering altar of Xom.
   595 | D:1      | Found a shimmering altar of Xom.
   597 | D:1      | Found an ornate altar of the Wu Jian Council.
   597 | D:1      | Found a deep blue altar of Sif Muna.
   597 | D:1      | Found a glowing silver altar of Zin.
   641 | D:1      | Reached skill level 3 in Axes
   771 | D:2      | HP: 1/30 [worm (2)]
   772 | D:2      | Reached XP level 3. HP: 2/24 MP: 3/3
  1553 | D:2      | Found a sacrificial altar of Ru.
  1563 | D:2      | Reached XP level 4. HP: 25/29 MP: 4/4
  1839 | D:3      | Reached ** piety under Trog
  1867 | D:3      | Noticed Jessica
  1875 | D:3      | Killed Jessica
  1908 | D:3      | Reached XP level 5. HP: 15/33 MP: 5/5
  2158 | D:3      | Reached skill level 4 in Axes
  2534 | D:4      | Reached skill level 1 in Stealth
  2573 | D:4      | Reached XP level 6. HP: 19/39 MP: 6/6
  2586 | D:4      | Gained mutation: You passively map a small area around you. [potion of mutation]
  2586 | D:4      | Gained mutation: You are frail. (-10% HP) [potion of mutation]
  2586 | D:4      | Lost mutation: You are frail. (-10% HP) [potion of mutation]
  2851 | D:4      | Noticed skjohnston's ghost (amateur MiFi)
  2863 | D:4      | Killed skjohnston's ghost
  2863 | D:4      | Reached skill level 5 in Axes
  2863 | D:4      | Reached XP level 7. HP: 37/44 MP: 7/7
  3153 | D:4      | Reached *** piety under Trog
  3236 | D:4      | Got a crude trident
  3237 | D:4      | Identified the +4 trident of Asocs {freeze, Int+4} (You found it on level 4 of the Dungeon)
  3270 | D:4      | Found a glowing silver altar of Zin.
  3274 | D:4      | Found a deep blue altar of Sif Muna.
  3274 | D:4      | Found a blossoming altar of Fedhas.
  3287 | D:4      | Found an iron altar of Okawaru.
  3291 | D:4      | Found an ancient bone altar of Kikubaaqudgha.
  3476 | D:5      | Entered Level 5 of the Dungeon
  3508 | D:5      | Reached skill level 5 in Fighting
  3754 | D:5      | Reached skill level 6 in Axes
  3950 | D:5      | Reached skill level 1 in Polearms
  3989 | D:5      | Reached XP level 8. HP: 42/49 MP: 8/8
  4214 | D:5      | Found a staircase to the Ecumenical Temple.
  4571 | D:6      | Slain by an orc warrior

Skill      XL: |  1  2  3  4  5  6  7  8 |
---------------+-------------------------+-----
Axes           | 3 4 5 6 |  6.1
Fighting       | 4 5 |  5.1
Dodging        | 2 3 |  3.6
Stealth        | 1 2 3 |  3.5
Polearms       | 1 2 |  2.3
Armour         | |  2.3

Action                   |  1- 3 |  4- 6 |  7- 9 || total
-------------------------+-------+-------+-------++-------
Melee: Hand axe          |    99 |   106 |    20 ||   225
       Trident           |       |       |    84 ||    84
Invok: Berserk           |     3 |     2 |     3 ||     8
       Burn Spellbooks   |       |       |     1 ||     1
  Use: Scroll            |    10 |     6 |     1 ||    17
       Potion            |       |     2 |     1 ||     3
 Stab: Paralysed         |     1 |       |       ||     1
       Sleeping          |       |     2 |     3 ||     5
       Distracted        |       |     1 |       ||     1
  Eat: Ration            |     1 |     1 |     2 ||     4
       Chunk             |       |     4 |     3 ||     7
Armor: Animal skin       |    34 |    39 |    59 ||   132
Dodge: Dodged            |    64 |    64 |   100 ||   228
